 Dungeon Crawl Stone Soup version 0.27.1-33-g824d729ab1 (webtiles) character file.

Game seed: 15769297501811159754

39 AZnak the Slasher (level 3, -1/28 HPs)
             Began as a Demonspawn Gladiator on Dec 6, 2021.
             Slain by a gnoll (2 damage)
             ... on level 2 of the Dungeon.
             The game lasted 00:03:10 (1307 turns).

AZnak the Slasher (Demonspawn Gladiator)            Turns: 1307, Time: 00:03:10

Health: -1/28      AC:  5    Str: 15    XL:     3   Next: 28%
Magic:  3/3        EV:  9    Int:  9    God:
Gold:   19         SH:  7    Dex: 14    Spells: 2/2 levels left

rFire    . . .     SeeInvis .   a - +0 long sword
rCold    + . .     Faith    .   f - +0 kite shield
rNeg     . . .     Spirit   .   k - +0 leather armour {rC+}
rPois    .         Reflect  .   c - +0 helmet
rElec    .         Harm     .   i - +0 cloak
rCorr    .         Rampage  .   (no gloves)
Will     .....                  (no boots)
Stlth    +.........             (no amulet)
HPRegen  0.09/turn              (no ring)
MPRegen  0.16/turn              (no ring)

@: no status effects
A: talons 1, magic regeneration
a: no special abilities


You were on level 2 of the Dungeon.
You visited 1 branch of the dungeon, and saw 2 of its levels.

You collected 19 gold pieces.

Inventory:

Hand Weapons
 a - a +0 long sword (weapon)
 g - a +0 hunting sling
Missiles
 d - 3 throwing nets (quivered)
Armour
 c - a +0 helmet (worn)
 f - a +0 kite shield (worn)
 i - a +0 cloak (worn)
 k - a +0 leather armour of cold resistance (worn)
Scrolls
 e - 4 scrolls of identify {unknown}
 j - a scroll of fear {unknown}
Potions
 h - a potion of attraction {unknown}


   Skills:
 * Level 2.8 Fighting
 + Level 3.0 Long Blades
 - Level 1.7 Throwing
 + Level 0.7 Armour
 + Level 2.9 Dodging
 + Level 0.2 Shields


You had 2 spell levels left.
You didn't know any spells.
Your spell library was empty.

Dungeon Overview and Level Annotations

Branches:
Dungeon (2/15)

Altars:


Innate Abilities, Weirdness & Mutations

You have sharp toenails.
You regenerate magic rapidly.


Message History

A gnoll comes into view. It is wielding a +0 spear.
The gnoll shouts!
You hear a shout!
You see here 14 gold pieces.
The helpless endoplasm fails to defend itself.
You hit the endoplasm. You claw the endoplasm.
The endoplasm is severely wounded.
The endoplasm barely misses you. The endoplasm closely misses you.
You riposte.
You slash the endoplasm!
You kill the endoplasm!
A gnoll comes into view. It is wielding a +0 flail.
The gnoll shouts!
You hear a shout! x2
The gnoll hits you with a +0 spear.
You slash the gnoll! You claw the gnoll, but do no damage.
The gnoll is heavily wounded.
The gnoll hits you with a +0 spear. x2
You hit the gnoll.
The gnoll is almost dead.
You block the gnoll's attack.
You barely miss the gnoll. You claw the gnoll.
You kill the gnoll!
The gnoll hits you with a +0 flail!
You see here a +0 spear.
You hit the gnoll.
The gnoll is moderately wounded.
You block the gnoll's attack. The gnoll barely misses you.
You barely miss the gnoll.
The gnoll is moderately wounded.
The gnoll barely misses you.
You barely miss the gnoll.
The gnoll is moderately wounded.
The gnoll hits you with a +0 flail!
* * * LOW HITPOINT WARNING * * *
The gnoll hits you but does no damage.
You hit the gnoll. You claw the gnoll.
The gnoll is severely wounded.
You block the gnoll's attack.
You barely miss the gnoll.
The gnoll is severely wounded.
You block the gnoll's attack. The gnoll hits you with a +0 flail.
You die...

#....# ##..#### .#
....#.....#.. ..
#...#.# #.#.# #.#.
...#.#
#...#####.#.
..#$###.......#.#.
#.....#.......#.#.
#$.# #[..........
#..# ###'####.⌠..
#@.# # #.###..†..
#g.##.###.##.⌠†..<
#.........###.....
#..######..##..⌠..
#..#######.#..#...
#.............#.##
#.#########.#.#..
#........|..#.#..
####.#.###..# #..


You could see a gnoll.

Vanquished Creatures
  A gnoll (D:2)
  2 dart slugs (D:1)
  2 endoplasms
  A giant cockroach (D:1)
  4 goblins (D:1)
  3 hobgoblins
  3 kobolds (D:1)
  A quokka (D:2)
  4 bats
  3 frilled lizards (D:1)
  A rat (D:1)
25 creatures vanquished.

Notes
Turn   | Place    | Note
-------+----------+-------------------------------------------
     0 | D:1      | AZnak the Demonspawn Gladiator began the quest for the Orb.
     0 | D:1      | Reached XP level 1. HP: 16/16 MP: 1/1
   416 | D:1      | Gained mutation: You have sharp toenails. [demonic
                  | ancestry]
   416 | D:1      | Reached XP level 2. HP: 21/23 MP: 2/2
   549 | D:1      | Found a faded altar of an unknown god.
  1241 | D:2      | Reached skill level 3 in Long Blades
  1242 | D:2      | Gained mutation: You regenerate magic rapidly. [demonic
                  | ancestry]
  1242 | D:2      | Reached XP level 3. HP: 28/28 MP: 3/3
  1305 | D:2      | HP: 1/28 [gnoll (9)]
  1307 | D:2      | Slain by a gnoll

Illustrated notes

Levels and vault maps discovered:
D:1:      grunt_arrival_crossed_arrows, layout_basic,
          hellmonk_ecumenical_altar_inner_sanctum
D:2:      layout_basic, basic_altar, grunt_ministairs_2

Skill      XL: |  1  2 |
---------------+-------+-----
Long Blades    | 3 |  3.0
Fighting       | |  2.8
Throwing       | |  1.7
Armour         | |  0.7
Dodging        | |  2.9
Shields        | |  0.2

Action                   || total
-------------------------++-------
Melee: Long sword        ||    55
       Kick              ||    14
 Stab: Sleeping          ||     1
Armor: Leather armour    ||    21
Dodge: Dodged            ||    27
Block: Kite shield       ||    13
       Rpst.: Long sword ||    12
